Map: King Sejong Station LE

Players

Abricoragzi

  • Race: Terran Terran
  • League: Master

Miszu - Winner!

  • Race: Zerg Zerg
  • League: Master

VOD

Have the link to the VOD?

Description

Time

  • Played on: July 2, 2016, 6:51 p.m.
  • Length: 22:32
Show
View Real Time Build Order
Export as new Build Order

Abricoragzi Terran 

Build Orders: Reaper Expand, MMM Bio 

Get SALT Encoding   

  12  0:00  SCV  
  13  0:12  SCV  
  14  0:17  Supply Depot  
  14  0:24  SCV  
  15  0:38  SCV  
  15  0:40  Barracks  
  16  0:47  Refinery  
  16  0:54  SCV  
  17  1:06  SCV  
  18  1:27  Orbital Command  
  18  1:32  Reaper  
  19  1:42  Command Center  
  19  1:53  Supply Depot, SCV  
  20  2:01  Refinery  
  20  2:07  SCV  
  21  2:10  Barracks Reactor  
  21  2:19  SCV  
  22  2:26  Factory  
  22  2:32  SCV  
  23  2:44  SCV  
  24  2:46  Marine x2  
  26  2:54  Orbital Command  
  26  2:56  SCV  
  27  3:04  Marine x2  
  29  3:08  SCV  
  29  3:09  Factory Tech Lab  
  29  3:11  Starport  
  30  3:18  Supply Depot  
  30  3:19  SCV  
  31  3:20  SCV  
  31  3:22  Marine  
  31  3:23  Marine  
  34  3:27  Widow Mine  
  34  3:31  SCV  
  34  3:32  SCV  
  38  3:43  SCV  
  38  3:44  Supply Depot  
  38  3:47  Medivac  
  41  3:51  Marine x2  
  41  3:55  SCV  
  44  3:56  Siege Tank  
  44  4:01  Supply Depot, SCV  
  48  4:07  SCV  
  49  4:13  SCV  
  49  4:16  Marine  
  51  4:23  SCV  
  52  4:27  Command Center  
  52  4:29  Medivac  
  54  4:39  SCV  
  54  4:41  Barracks, Factory Tech Lab  
  54  4:42  Barracks  
  55  4:47  Bunker, SCV  
  55  4:48  Refinery  
  55  4:49  Refinery  
  56  4:53  Engineering Bay  
  56  4:54  Engineering Bay  
  56  4:55  SCV  
  56  4:59  SCV  
  58  5:02  Stimpack  
  58  5:05  Starport Reactor  
  59  5:07  SCV  
  59  5:11  SCV  
  60  5:15  Marine  
  60  5:19  SCV  
  62  5:23  SCV  
  62  5:31  SCV  
  62  5:35  SCV  
  61  5:38  Barracks Reactor  
  61  5:39  Marine  
  61  5:40  Terran Infantry Weapons Level 1, Terran Infantry Armor Level 1  
  61  5:41  Orbital Command  
  62  5:43  SCV  
  62  5:47  SCV  
  64  5:55  SCV  
  65  5:59  SCV  
  66  6:07  SCV  
  65  6:11  SCV  
  65  6:14  Marine x2  
  65  6:15  Marine x2, Medivac x2, Orbital Command  
  65  6:18  Barracks  
  73  6:19  SCV  
  73  6:20  Supply Depot, Barracks  
  73  6:21  Supply Depot  
  73  6:22  Missile Turret  
  73  6:24  Factory, SCV  
  73  6:25  Marine  
  75  6:31  SCV  
  76  6:34  Marine x2  
  76  6:36  SCV  
  76  6:37  Liberator x2  
  76  6:39  Marine x2  
  80  6:40  Siege Tank  
  80  6:43  Marine, SCV  
  80  6:44  SCV  
  82  6:51  Marine  
  82  6:52  Marine  
  84  6:56  Marine x2  
  84  6:59  SCV  
  84  7:01  Marine  
  93  7:03  SCV, Combat Shields  
  93  7:05  Missile Turret  
  95  7:09  Barracks Tech Lab  
  95  7:10  Barracks Tech Lab  
  95  7:13  Missile Turret  
  95  7:17  Bunker, Missile Turret  
  95  7:23  Marine, Marauder  
  95  7:28  Concussive Shells  
  98  7:31  Marauder  
  98  7:33  SCV  
  101  7:50  Armory  
  101  7:54  Marine, Marauder, SCV  
  101  7:55  Liberator x2  
  101  7:57  Supply Depot, Marine x2  
  101  7:58  Supply Depot, Marauder  
  109  8:09  Factory Tech Lab  
  117  8:12  Marauder  
  117  8:13  Supply Depot x2  
  117  8:14  Supply Depot x2  
  117  8:15  Refinery  
  117  8:16  Supply Depot  
  117  8:19  Refinery, Marine x3, SCV x3  
  123  8:20  Marine x3  
  123  8:21  Supply Depot x2  
  126  8:31  SCV  
  126  8:33  Marine  
  128  8:34  Siege Tank  
  128  8:37  Marine x3  
  128  8:38  Marine x3  
  128  8:39  Terran Infantry Armor Level 2  
  136  8:51  Marine  
  137  8:56  Marine  
  137  8:58  Marine  
  137  9:02  Marine, Marauder  
  142  9:05  Marine, Marauder  
  142  9:09  Marauder  
  142  9:14  Marine  
  142  9:16  Marine  
  138  9:19  Marine  
  138  9:23  Marine x2  
  129  9:27  Marauder  
  129  9:30  Marine  
  132  9:32  Marine  
  132  9:33  Marine, Medivac x2  
  132  9:37  Marine  
  136  9:39  Terran Infantry Weapons Level 2  
  136  9:40  Marine  
  136  9:41  Marauder, SCV x2  
  136  9:42  SCV  
  136  9:43  Command Center  
  142  9:48  Marine, Marauder  
  142  9:50  Marine  
  142  9:51  Marine  
  147  9:55  Marine  
  147  9:58  Marine  
  139  10:03  Marauder  
  139  10:06  Marauder  
  140  10:07  Marine  
  140  10:09  Marine x2  
  140  10:10  Siege Tank  
  140  10:13  Marine  
  147  10:16  Marine  
  147  10:17  Terran Vehicle Weapons Level 1  
  147  10:20  Missile Turret x2  
  147  10:21  Missile Turret  
  148  10:24  Marauder  
  148  10:25  Marine  
  148  10:27  Marauder, Marine, Siege Tank  
  148  10:28  Marauder, Liberator x2  
  159  10:31  Marine  
  159  10:34  Marine  
  161  10:42  Siege Tank  
  164  10:45  Marauder  
  164  10:49  Marauder  
  174  10:56  Marine, Marauder  
  177  10:59  Cyclone  
  181  11:09  Marine, Marauder  
  181  11:11  Liberator  
  184  11:14  Siege Tank  
  187  11:31  Siege Tank  
  179  11:44  Marine x2, Marauder  
  179  11:46  Siege Tank  
  185  11:58  Medivac  
  185  12:00  Marine  
  188  12:03  Siege Tank  
  188  12:07  Command Center  
  191  12:09  Barracks  
  191  12:10  Medivac, Command Center  
  191  12:11  Marine, Barracks  
  191  12:12  Marauder  
  196  12:18  Siege Tank  
  199  12:26  Marine, Marauder  
  199  12:34  Planetary Fortress  
  199  12:36  Marine, Marauder  
  199  13:07  Marine  
  195  13:21  Siege Tank  
  192  13:28  Marine x2, Marauder  
  193  13:34  Siege Tank  
  193  13:37  Marine  
  193  13:38  Marauder  
  199  13:41  Marine  
  199  13:46  Marine, Marauder  
  192  13:49  Marine  
  192  13:50  Marauder  
  192  13:55  Marine  
  163  13:59  Marine x2  
  150  14:04  Marine  
  150  14:07  Marine  
  150  14:08  Marauder  
  154  14:11  Marauder  
  154  14:13  Marine  
  156  14:17  Marine, Marauder  
  156  14:18  Siege Tank  
  156  14:22  Marine  
  157  14:24  Marine  
  157  14:25  Siege Tank  
  157  14:29  Marauder  
  157  14:31  Marine, Medivac x2  
  165  14:32  Marine  
  165  14:33  Barracks Tech Lab x2, Orbital Command  
  165  14:34  Orbital Command  
  165  14:35  Marine  
  168  14:38  Marauder  
  168  14:39  Marine  
  168  14:44  Marine  
  161  14:48  Missile Turret x2  
  161  14:49  Marine, Missile Turret  
  161  14:50  Marauder, Siege Tank  
  161  14:51  Marauder, Missile Turret  
  168  14:53  Marine  
  168  14:57  Siege Tank  
  169  15:00  Marauder  
  160  15:18  Marauder, Missile Turret  
  160  15:19  Missile Turret x2  
  161  15:22  Marine x2, Siege Tank  
  161  15:24  Marine  
  167  15:38  Marine  
  168  15:45  Siege Tank  
  171  15:57  Cyclone  
  171  16:01  Orbital Command  
  171  16:17  Cyclone  
  175  16:20  Marine, Marauder  
  178  16:29  Cyclone  
  181  16:38  Marine x2  
  181  16:39  Marauder  
  175  16:40  Marine x2  
  175  16:41  Marauder  
  172  16:47  Marine  
  172  16:48  Marauder  
  172  16:49  Siege Tank, Marauder  
  177  16:56  Marine x2  
  177  16:58  Marine x2, Refinery  
  177  17:00  Refinery, Marauder  
  175  17:01  Siege Tank  
  175  17:02  Marine  
  175  17:05  Marine  
  175  17:08  Viking x2, Marine  
  176  17:09  Marine  
  176  17:12  Refinery  
  176  17:14  Marine x2  
  182  17:16  Marine  
  182  17:18  Refinery  
  182  17:20  Marauder  
  182  17:21  Marine x2, Siege Tank  
  190  17:23  Marauder  
  190  17:27  Marauder  
  192  17:30  Marine  
  192  17:31  Marine  
  192  17:33  Siege Tank  
  197  17:38  Medivac  
  199  17:50  Marine  
  200  17:56  Marine x2, Marauder  
  200  17:57  Marine  
  200  17:58  Marine x4  
  170  18:08  Marine  
  168  18:14  Marine x2  
  168  18:15  Viking x2, Marine x2  
  168  18:16  Marine x2, Marauder  
  168  18:17  Marine  
  181  18:26  Marine  
  182  18:31  Marine x2  
  182  18:33  Marine  
  182  18:34  Marauder x3  
  182  18:35  Marine  
  182  18:37  Marine  
  181  18:44  Viking, Marine  
  181  18:49  Marine x2  
  181  18:51  Marine  
  181  18:53  Marauder  
  181  18:55  Marine x2, Marauder x2  
  161  19:01  Marine  
  138  19:07  Marine x2, Siege Tank x2  
  138  19:09  Marine  
  134  19:13  Viking, Marauder x2  
  134  19:14  Viking  
  134  19:15  Marauder  
  134  19:16  Marine  
  134  19:17  Marauder  
  134  19:19  Marine  
  129  19:28  Marine x2  
  129  19:29  Marine  
  126  19:34  Marine x2  
  126  19:35  Marauder  
  130  19:38  Marine x2, Widow Mine x2  
  130  19:39  Marauder  
  130  19:43  Medivac  
  140  19:46  Marine x3  
  140  19:52  Marine  
  142  19:53  Marauder  
  142  19:54  Starport  
  142  19:55  Starport  
  142  19:56  Marine x2  
  142  19:57  Marauder  
  143  20:01  Marauder  
  143  20:04  Marine x2  
  144  20:07  Widow Mine  
  144  20:10  Marauder  
  152  20:14  Marine, Marauder x2  
  152  20:18  Marine  
  152  20:19  Marauder  
  148  20:22  Marine x2  
  135  20:32  Marine, Marauder  
  135  20:35  Marine x2  
  127  20:38  Siege Tank  
  127  20:39  Marine  
  127  20:40  Marine  
  127  20:41  Marauder  
  135  20:43  Medivac x2  
  138  20:50  Marine  
  138  20:53  Marine x3  
  142  20:57  Marine  
  142  20:58  Marauder  
  142  20:59  Viking  
  142  21:02  Marine  
  143  21:07  Marine  
  143  21:11  Marine, Marauder x2  
  148  21:15  Marine  
  142  21:19  Marine, Marauder  
  139  21:25  Marine  
  139  21:28  Marine  
  139  21:32  Marauder x2  
  144  21:33  Marine  
  144  21:38  Marauder  
  121  21:40  Marine  
  121  21:43  Marine  
  121  21:46  Marine  
  124  21:51  Marine  
  124  21:53  Marine  
  124  21:54  Marauder  
  125  21:55  Orbital Command  
  125  21:58  Marine  
Show
View Real Time Build Order
Export as new Build Order

Miszu Zerg - Winner!

Build Orders: Pool First 

Get SALT Encoding   

  12  0:01  Drone  
  13  0:13  Overlord  
  13  0:20  Drone  
  14  0:33  Drone x2  
  16  0:39  Drone  
  17  0:56  Spawning Pool  
  17  0:57  Drone  
  17  1:13  Hatchery  
  17  1:16  Drone  
  17  1:17  Extractor  
  16  1:19  Drone  
  16  1:24  Drone  
  18  1:36  Overlord  
  18  1:43  Queen  
  20  1:58  Drone  
  21  2:01  Overlord  
  21  2:05  Drone  
  22  2:13  Zergling x2  
  23  2:19  Queen  
  25  2:31  Zergling x2  
  25  2:35  Queen  
  28  2:40  Drone x3  
  31  2:44  Drone  
  31  2:47  Metabolic Boost  
  31  2:49  Drone  
  31  2:51  Drone  
  33  2:59  Drone x3  
  33  3:03  Drone  
  37  3:08  Drone  
  37  3:09  Drone  
  39  3:18  Overlord, Pneumatized Carapace  
  39  3:22  Drone  
  40  3:39  Drone x8  
  48  3:52  Hatchery  
  48  3:54  Drone x2  
  49  3:56  Extractor x2  
  49  4:00  Drone  
  48  4:09  Overlord  
  48  4:11  Drone  
  48  4:14  Lair  
  48  4:15  Evolution Chamber  
  48  4:16  Evolution Chamber  
  47  4:18  Drone x2  
  49  4:25  Drone x3  
  49  4:28  Overlord  
  49  4:31  Spore Crawler, Drone  
  53  4:34  Drone x2  
  54  4:38  Drone x2  
  54  4:42  Zerg Missile Weapons Level 1  
  56  4:55  Zerg Ground Armor Level 1  
  56  4:58  Roach Warren  
  56  4:59  Zergling x10  
  60  5:04  Zergling x4  
  60  5:06  Zergling x4  
  64  5:08  Zergling x2  
  64  5:09  Zergling x2  
  66  5:19  Zergling x10  
  65  5:28  Queen  
  65  5:34  Drone x3  
  68  5:38  Extractor  
  68  5:39  Glial Reconstitution  
  68  5:42  Drone x5  
  72  5:43  Infestation Pit  
  72  5:45  Extractor  
  72  5:46  Extractor  
  72  5:47  Drone  
  70  5:50  Drone  
  69  5:57  Drone  
  69  6:04  Drone x3  
  67  6:14  Zergling x4  
  67  6:15  Zergling x8, Overseer  
  71  6:37  Zergling x10  
  74  6:48  Hatchery  
  74  6:50  Hive, Pathogen Glands  
  74  6:51  Zerg Ground Armor Level 2, Zerg Missile Weapons Level 2, Hatchery  
  74  6:52  Roach  
  74  7:09  Overlord  
  74  7:10  Overlord x8  
  74  7:27  Overlord, Queen  
  74  7:29  Infestor x4  
  80  7:30  Infestor x2  
  80  7:35  Roach  
  80  7:36  Roach  
  92  7:40  Roach  
  92  7:42  Roach x2  
  92  7:43  Roach  
  100  7:45  Overseer  
  100  7:47  Roach  
  100  7:50  Roach  
  104  7:58  Roach  
  104  7:59  Roach x2  
  104  8:03  Queen  
  111  8:08  Ravager  
  111  8:09  Ultralisk Cavern, Ravager  
  112  8:18  Drone x3  
  115  8:22  Drone x2  
  115  8:23  Drone  
  115  8:26  Drone x2  
  120  8:29  Drone x2  
  120  8:30  Drone, Hatchery  
  122  8:37  Roach x3  
  122  8:39  Roach  
  130  8:42  Roach  
  128  8:58  Ravager x5  
  128  8:59  Ravager, Roach x4  
  128  9:00  Roach x3  
  139  9:14  Roach x8  
  144  9:37  Chitinous Plating  
  144  9:39  Ultralisk  
  144  9:41  Extractor, Ultralisk  
  144  9:42  Extractor  
  144  9:44  Zergling x8  
  158  9:46  Drone x5  
  160  10:07  Overlord  
  160  10:08  Overlord x2  
  160  10:15  Zerg Ground Armor Level 3  
  160  10:17  Hatchery  
  160  10:19  Extractor, Hatchery  
  157  10:22  Ravager  
  157  10:28  Ravager x4  
  162  10:29  Ravager  
  161  10:42  Drone x3  
  164  10:43  Drone x4  
  164  10:45  Drone x8  
  164  10:46  Drone x3  
  176  10:54  Drone x5  
  180  11:04  Spore Crawler  
  180  11:08  Drone x6  
  180  11:09  Drone  
  181  11:19  Extractor, Spore Crawler  
  181  11:20  Spine Crawler  
  181  11:22  Spine Crawler  
  181  11:23  Spine Crawler  
  174  11:31  Drone x8  
  181  11:34  Drone  
  180  11:49  Spawning Pool  
  179  12:00  Zerg Melee Weapons Level 1  
  179  12:07  Spire  
  178  12:11  Roach x4  
  185  12:16  Ultralisk  
  190  12:28  Ravager x4  
  194  12:39  Overlord x2  
  194  12:42  Spine Crawler x2  
  194  12:43  Spine Crawler  
  191  12:44  Spore Crawler, Spine Crawler  
  188  12:53  Hatchery  
  188  12:56  Extractor  
  188  12:57  Extractor  
  178  13:02  Ultralisk Cavern, Spore Crawler  
  178  13:04  Spine Crawler  
  168  13:36  Hatchery  
  135  13:59  Ultralisk x5  
  135  14:00  Ultralisk x2  
  135  14:01  Corruptor x2  
  173  14:04  Drone  
  174  14:11  Drone x4  
  174  14:12  Drone  
  174  14:14  Drone  
  180  14:20  Infestor  
  180  14:22  Infestor  
  184  14:32  Drone x5  
  189  14:50  Corruptor x3  
  195  14:57  Corruptor  
  196  15:03  Spore Crawler, Drone x3  
  194  15:32  Drone x6  
  200  15:38  Greater Spire  
  200  15:49  Drone  
  197  16:24  Zergling x4  
  199  16:27  Zergling x2  
  197  16:34  Zergling x6  
  199  16:55  Adrenal Glands  
  199  17:01  Hatchery  
  196  17:04  Extractor  
  194  17:15  Overlord x2  
  194  17:16  Overlord x2  
  194  17:18  Extractor x2  
  192  17:42  Brood Lord  
  192  17:43  Brood Lord x4  
  180  18:04  Corruptor  
  180  18:05  Corruptor x9  
  187  18:19  Ultralisk x2  
  196  18:22  Infestor x2  
  176  18:57  Zergling x28  
  176  18:58  Zergling x10  
  177  19:29  Ultralisk x2  
  177  19:30  Ultralisk  
  191  19:36  Brood Lord x2, Hatchery  
  191  19:37  Brood Lord x3  
  199  19:57  Infestor  
  195  20:27  Corruptor x5  
  198  20:28  Corruptor  
  195  20:38  Hatchery  
  195  20:40  Extractor  
  192  20:56  Infestation Pit  
  176  21:20  Zergling x36  
  179  21:44  Corruptor x3  
  185  21:50  Hatchery  
  180  22:01  Corruptor  
Tags
 
Add a new tag
Caveats
  • Supply blocks, unpowered buildings, or Contaminate may cause inaccurate times.
  • Supply counts are checked every 10 seconds.